 Dungeon Crawl Stone Soup version 0.18-a0-1123-gbd92598 (webtiles) character file.

57 st0uf the Insei (level 3, 0/42 HPs)
             Began as a Draconian Transmuter on Jan 19, 2016.
             Succumbed to a worker ant's poison
             ... on level 4 of the Dungeon.
             The game lasted 00:04:13 (848 turns).

st0uf the Insei (Draconian Transmuter)               Turns: 848, Time: 00:04:13

Health: 0/42       AC: 21    Str: 17    XL:     3   Next: 73%
Magic:  6/6        EV:  2    Int: 13    God:
Gold:   44         SH:  0    Dex: 12    Spells: 1 memorised, 5 levels left

rFire  . . .     SeeInvis .       - Unarmed
rCold  . . .     Gourm    .     (armour unavailable)
rNeg   + + +     Faith    .     (no shield)
rPois  +         Spirit   .     (helmet currently unavailable)
rElec  .         Dismiss  .     (cloak currently unavailable)
rCorr  .         Reflect  .     (gloves currently unavailable)
SustAt .         Harm     .     (boots currently unavailable)
MR     .....     NoTele   +     (no amulet)
Stlth  +.........               (no ring)
                                (no ring)

@: mighty, lethally poisoned (0 -> -2), tree-form, not resistant to hostile
enchantments, very unstealthy
A: unfitting armour, (cold-blooded), AC +5
a: no special abilities


You were on level 4 of the Dungeon.
You were not hungry.
You were a tree.
You visited 1 branch of the dungeon, and saw 4 of its levels.

You collected 44 gold pieces.

Inventory:

Missiles
 a - 12 arrows
Scrolls
 e - a scroll of teleportation {unknown}
Books
 b - a book of Changes

   Spells                             Type                      Level
   a - Beastly Appendage              Transmutation                1
   b - Sticks to Snakes               Transmutation                2
   c - Spider Form                    Transmutation/Poison         3
   d - Ice Form                       Ice/Transmutation            4
   e - Blade Hands                    Transmutation                5
Comestibles
 c - a bread ration
 i - a meat ration


   Skills:
 + Level 1.2 Fighting
 + Level 2.0 Dodging
 * Level 4.0 Unarmed Combat
 + Level 2.4 Spellcasting
 * Level 2.4 Transmutations


You had 5 spell levels left.
You knew the following spells:

 Your Spells              Type           Power        Failure   Level  Hunger
a - Beastly Appendage     Trmt           #.....       10%         1    #......


Dungeon Overview and Level Annotations

Branches:
Dungeon (5/15)
 Temple: D:4-7

Altars:


Innate Abilities, Weirdness & Mutations

((Your plain brown scales are hard (AC +5).))
Your body does not fit into most forms of armour.
((You are cold-blooded and may be slowed by cold attacks.))


Message History

The worker ant bites you but does no damage.
You hit the worker ant.
You kill the worker ant!
Your Dodging skill increases to level 2!
Your Unarmed Combat skill increases to level 4!
Drink which item? (? for menu, Esc to quit)
It was a potion of might.
You feel very mighty all of a sudden.
* * * LOW HITPOINT WARNING * * *
You feel sick.
Unknown command.
* * * LOW HITPOINT WARNING * * *
You feel sick.
* * * LOW HITPOINT WARNING * * *
You feel sick.
* * * LOW HITPOINT WARNING * * *
You feel sick.
* * * LOW HITPOINT WARNING * * *
You feel sick.
You die...

#.##.. # #....
##.###...#
..........#
##.. #....#
o$>..##...##
..........#
......#...##
..... #..♣.#
...< #..#.# ...
.....#...
...............
.
.$..#.######...
...##.# ## ..#
## ##


There were no monsters in sight!

Vanquished Creatures
  A worker ant (D:4)
  A gnoll (D:1)
  2 worms (D:2)
  A giant gecko (D:1)
  5 bats
  A goblin (D:1)
  A hobgoblin (D:1)
  2 jackals (D:1)
  A kobold (D:2)
  2 rats (D:1)
17 creatures vanquished.

Vanquished Creatures (others)
  A giant cockroach (D:2)
1 creature vanquished.

Grand Total: 18 creatures vanquished

Notes
Turn   | Place    | Note
--------------------------------------------------------------
     0 | D:1      | st0uf the Draconian Transmuter began the quest for the Orb.
     0 | D:1      | Reached XP level 1. HP: 16/16 MP: 3/3
    16 | D:1      | Reached XP level 2. HP: 23/23 MP: 3/5
   539 | D:1      | Reached XP level 3. HP: 23/28 MP: 4/6
   796 | D:2      | You fall through a shaft for 2 floors!
   802 | D:5      | Entered Level 5 of the Dungeon
   802 | D:5      | Noticed a scorpion
   802 | D:5      | Noticed a centaur
   835 | D:4      | Reached skill level 4 in Unarmed Combat
   840 | D:4      | HP: 2/42 [poisoned by a worker ant]
   845 | D:4      | HP: 1/42 [poisoned by a worker ant]
   848 | D:4      | Succumbed to a worker ant's poison

Vault maps used:
D:1:      eino_arrival_water_star
D:2:      fiery_altar_vehumet, corexii_shack, tgw_xom, uniq_robin, uniq_jessica,
          uniq_sigmund
D:4:      lemuel_doored_altar, lemuel_coloured_pillars_altar, trog_hazing_becter
D:5:      first_bread, serial_shops, nicolae_shop_statue_plus,
          lightli_ossuary_entry_decrepit_ruins

Action                   || total
-------------------------++-------
Melee: Unarmed           ||    96
 Cast: Beastly Appendage ||    13
  Use: Potion            ||     3
